 Dungeon Crawl Stone Soup version 0.31.0-11-ge490571c62 (webtiles) character file.

Game seed: 7193272621949208331

19936 browni3141 the Cleaver (level 12, -9/108 HPs)
             Began as a Minotaur Fighter on Jan 27, 2024.
             Was a High Priest of Okawaru.
             Killed from afar by a fire dragon (48 damage)
             ... with a blast of flame
             ... on level 11 of the Dungeon.
             The game lasted 00:09:01 (8612 turns).

browni3141 the Cleaver (Minotaur Fighter)           Turns: 8612, Time: 00:09:02

Health: -9/108     AC: 26    Str: 32    XL:     12   Next: 40%
Magic:  0/18       EV: 11    Int:  5    God:    Okawaru [*****.]
Gold:   1442       SH: 13    Dex: 12    Spells: 11/11 levels left

rFire   . . .        K - +0 broad axe (elec)
rCold   . . .        v - +0 kite shield
rNeg    . . .        X - +4 chain mail "Fatyul" {rPois Dex+2}
rPois   +            U - +1 hat {Stlth+}
rElec   .            (no cloak)
rCorr   .            (no gloves)
SInv    .            B - +2 pair of boots
Will    .....        w - amulet of guardian spirit
Stlth   +            m - +4 ring of protection
HPRegen 0.38/turn    W - +6 ring of strength
MPRegen 0.16/turn

%: guardian spirit
@: heroic
A: horns 2, retaliatory headbutt
a: Renounce Religion, Heroism, Finesse, Duel


You were on level 11 of the Dungeon.
You worshipped Okawaru.
Okawaru was extremely pleased with you.
You visited 2 branches of the dungeon, and saw 12 of its levels.
You also visited: Bailey.

You collected 1481 gold pieces.
You spent 39 gold pieces at shops.

Inventory:

Hand Weapons
 a - a +0 war axe
 K - a +0 broad axe of electrocution (weapon)
Missiles
 x - 5 throwing nets
 y - 27 boomerangs (quivered)
 J - 10 curare-tipped darts
 P - 5 javelins
Armour
 b - a +0 scale mail
 c - a +0 buckler
 f - a +0 pair of boots
 v - a +0 kite shield (worn)
 z - a +4 scale mail
 B - a +2 pair of boots (worn)
 L - a +3 plate armour of fire resistance
 U - a +1 hat of stealth (worn)
 X - the +4 chain mail "Fatyul" (worn) {rPois Dex+2}
   (You found it on level 10 of the Dungeon)

   Dex+2:     It affects your dexterity (+2).
   rPois:     It protects you from poison
Jewellery
 h - a ring of protection from fire
 m - a +4 ring of protection (left hand)
 w - an amulet of guardian spirit (around neck)
 D - a ring of willpower
 G - a ring of resist corrosion
 M - a ring of protection from fire
 S - a ring of wizardry
 W - a +6 ring of strength (right hand)
Wands
 l - a wand of flame (23)
 u - a wand of paralysis (8)
 E - a wand of iceblast (29)
 O - a wand of light (9)
 V - a wand of mindburst (4)
Scrolls
 i - 3 scrolls of immolation
 j - 3 scrolls of poison
 n - 3 scrolls of blinking
 o - 2 scrolls of noise
 p - 5 scrolls of teleportation
 q - 3 scrolls of amnesia
 r - 2 scrolls of silence
 A - a scroll of vulnerability
 H - a scroll of enchant armour
 I - a scroll of fear
 R - 2 scrolls of torment {unknown}
Potions
 d - 2 potions of might
 e - 3 potions of degeneration {unknown}
 g - 5 potions of heal wounds
 s - 2 potions of ambrosia
 t - 3 potions of brilliance {unknown}
 F - a potion of invisibility {unknown}
 N - a potion of mutation {unknown}
 Q - a potion of cancellation {unknown}
 T - a potion of haste {unknown}
 Y - a potion of berserk rage {unknown}
Miscellaneous
 C - a phantom mirror


   Skills:
 + Level 10.7(15.7) Fighting
 * Level 13.9(18.9) Axes
 + Level 10.7(15.7) Armour
 + Level 10.5(15.5) Shields
 * Level 9.7 Invocations


You had 11 spell levels left.
You didn't know any spells.
Your spell library contained the following spells:

 Spells                   Type           Power      Damage    Failure   Level
 Kiss of Death            Conj/Necr      0%         2d5       88%         1
 Magic Dart               Conj           0%         1d3       88%         1
 Necrotise                Necr           0%         1d4       88%         1
 Searing Ray              Conj           0%         2d4       95%         2
 Dazzling Flash           Conj/Hex       0%         N/A       99%         3
 Gell's Gravitas          Tloc           0%         N/A       99%         3
 Mephitic Cloud           Conj/Alch/Air  0%         N/A       99%         3
 Teleport Other           Tloc           0%         N/A       99%         3
 Vampiric Draining        Necr           0%         2d6       99%         3
 Cause Fear               Hex            0%         N/A       100%        4
 Fulminant Prism          Conj/Alch      0%         3d5       100%        4
 Curse of Agony           Necr           0%         N/A       100%        5
 Fireball                 Conj/Fire      0%         3d3       100%        5
 Silence                  Hex/Air        0%         N/A       100%        5
 Dispersal                Tloc           0%         N/A       100%        6
 Borgnjor's Revivificati  Necr           0%         N/A       100%        8
 Death's Door             Necr           0%         N/A       100%        9
 Martyr's Knell           Necr/Summ      Unusable   N/A       N/A         4
 Dragon's Call            Summ           Unusable   N/A       N/A         9

Dungeon Overview and Level Annotations

Branches:
Dungeon (11/15)            Temple (1/1) D:5            Lair (0/5) D:11
 Bailey (visited)
    Orc: D:9-12

Altars:
Ashenzari
Cheibriados
Dithmenos
Elyvilon
Fedhas
Gozag
Hepliaklqana
Kikubaaqudgha
Makhleb
Nemelex Xobeh
Okawaru
Qazlal
Ru
Sif Muna
Trog
Uskayaw
Vehumet
Wu Jian
Xom
Yredelemnul
Zin
The Shining One

Shops:
D:6 [   D:9 (

Annotations:
D:6 2 runed translucent doors, JoadsterXIV's ghost, novice GnFi


Innate Abilities, Weirdness & Mutations

You have a pair of horns on your head.
You reflexively headbutt those who attack you in melee.


Message History

A boulder beetle comes into view.
The boulder beetle curls into a ball and begins rolling!
A boulder beetle is nearby!
A boulder beetle is nearby!
The boulder beetle hits you!!
The boulder beetle stops rolling and uncurls.
There is an open door, spattered with blood here.
You hit the boulder beetle but do no damage.
The boulder beetle bites you but does no damage.
You hit the boulder beetle but do no damage.
You headbutt the boulder beetle.
The boulder beetle is lightly wounded.
You block the boulder beetle's attack.
You hit the boulder beetle but do no damage.
You headbutt the boulder beetle!
The boulder beetle is lightly wounded.
The boulder beetle bites you.
You hit the boulder beetle.
The boulder beetle is lightly wounded.
The boulder beetle leaps!
The boulder beetle curls into a ball and begins rolling!
The boulder beetle hits you!
The boulder beetle stops rolling and uncurls.
You hit the boulder beetle.
Lightning courses through the boulder beetle!
You headbutt the boulder beetle.
The boulder beetle is moderately wounded.
You block the boulder beetle's attack.
You hit the boulder beetle but do no damage.
You headbutt the boulder beetle, but do no damage.
The boulder beetle is moderately wounded.
The boulder beetle bites you.
You slash the boulder beetle! You headbutt the boulder beetle!
The boulder beetle is severely wounded.
The boulder beetle bites you but does no damage.
You slice the boulder beetle!!
You headbutt the boulder beetle, but do no damage.
The boulder beetle is almost dead.
The boulder beetle bites you but does no damage.
You slice the boulder beetle!!
You kill the boulder beetle!
Okawaru accepts your kill.
No target in view!
No target in view!
Key pressed, stopping explore.
You open the door.
The fire dragon roars deafeningly!
A fire dragon is nearby!
A fire dragon is nearby!
You hit the fire dragon but do no damage.
Your headbutt misses the fire dragon.
Something unseen opens the door.
The fire dragon bites you but does no damage.
The fire dragon barely misses you. You block the fire dragon's attack.
You slash the fire dragon!
The fire dragon is lightly wounded.
A deep elf pyromancer comes into view. It is wielding a +0 short sword.
The fire dragon breathes flames at you. The blast of flame hits you!!
You slash the fire dragon!
The fire dragon is moderately wounded.
The fire dragon bites you but does no damage.
You block the fire dragon's attack.
The fire dragon tramples you but does no damage.
You barely miss the fire dragon.
The fire dragon is moderately wounded.
You block the fire dragon's attack.
The fire dragon claws you but does no damage.
You block the fire dragon's attack.
You barely miss the fire dragon.
The fire dragon is moderately wounded.
The deep elf pyromancer gestures wildly while chanting.
The deep elf pyromancer blinks!
You block the fire dragon's attack. The fire dragon claws you.
The fire dragon closely misses you.
You gain the combat prowess of a mighty hero.
The deep elf pyromancer gestures at you while chanting.
The bolt of fire hits the fire dragon.
The fire dragon resists.
The bolt of fire hits you. You block the fire dragon's attack. x2
The fire dragon tramples you but does no damage.
You slash the fire dragon!
The fire dragon is heavily wounded.
The fire dragon breathes flames at you. The blast of flame hits you!!!
You hit the fire dragon but do no damage.
Your headbutt misses the fire dragon.
The fire dragon is heavily wounded.
You slash the fire dragon!
The fire dragon is heavily wounded.
The fire dragon bites you.
The fire dragon claws you but does no damage.
You block the fire dragon's attack.
You barely miss the fire dragon. Your headbutt misses the fire dragon.
The fire dragon is heavily wounded.
The fire dragon bites you but does no damage.
The fire dragon claws you but does no damage.
The fire dragon barely misses you.
You closely miss the fire dragon. You headbutt the fire dragon.
The fire dragon is severely wounded.
The fire dragon breathes flames at you. The blast of flame hits you!!!
You die...

#...#...#...#......#...
#...'...'...####>+##...
#...#..)#.(.#..........
##'#######'##..........
#.).#).=#...#..........
#...#...#...#..........
#...#}e[#...#...#######
######D###'##...#
#.@.#...#...#
#...'†..'..)'...#
#...#...#...#...# ###
#########.......
......... ........##
........# #+#...###
...#


You could see a fire dragon (catching breath) and a deep elf pyromancer.

Vanquished Creatures
  Gastronok (D:9)
  An ogre mage (D:11)
  3 boulder beetles
  5 two-headed ogres
  Pikel (D:8)
  2 orc knights
  2 cyclopes
  An ugly thing (D:11)
  Maurice (D:11)
  A gargoyle (D:10)
  Maggie (D:6)
  Joseph (D:7)
  3 kobold demonologists (D:10)
  Jeremiah (D:7)
  2 efreet
  3 trolls
  A hornet (shapeshifter) (D:9)
  Sigmund (D:5)
  2 wraiths
  A wyvern (D:10)
  8 yaks
  2 steam dragons (D:8)
  4 vampire mosquitoes (D:11)
  2 acid dragons
  3 water moccasins
  An ice beast (D:7)
  5 orc warriors
  A sky beast (D:6)
  A black bear (D:5)
  A laughing skull (D:11)
  2 phantoms
  4 centaurs
  10 kobold brigands
  Blork the orc (D:6)
  A bullfrog (D:8)
  3 gnoll sergeants
  3 scorpions
  10 wights (D:8)
  14 killer bees
  An electric eel (D:7)
  2 howler monkeys
  A bombardier beetle (D:5)
  A sleepcap (D:4)
  5 gnoll boudas
  5 hounds (D:5)
  An orc priest (D:9)
  6 iguanas
  3 orc wizards
  Robin (D:4)
  9 adders
  28 gnolls
  5 white imps
  10 ufetubi
  2 ribbon worms
  12 orcs
  2 bats
  5 endoplasms
  A giant cockroach (D:4)
  11 goblins
  6 hobgoblins
  13 jackals
  3 quokkas (D:4)
  4 ball pythons
  2 frilled lizards
  15 kobolds
  4 rats
268 creatures vanquished.

Vanquished Creatures (others)
  Erica (D:8)
  An orc wizard (D:10)
  An orc (D:8)
  A goblin (D:8)
4 creatures vanquished.

Grand Total: 272 creatures vanquished

Notes
Turn   | Place    | Note
-------+----------+-------------------------------------------
     0 | D:1      | browni3141 the Minotaur Fighter began the quest for the
                  | Orb.
     0 | D:1      | Reached XP level 1. HP: 19/19 MP: 0/0
   113 | D:1      | Reached XP level 2. HP: 27/27 MP: 1/1
   138 | D:2      | Reached skill level 3 in Axes
   177 | D:2      | Reached XP level 3. HP: 27/33 MP: 2/2
   638 | D:4      | Noticed Robin
   651 | D:4      | Killed Robin
   652 | D:4      | Reached XP level 4. HP: 37/40 MP: 3/3
   752 | D:4      | Noticed a phantom
   760 | D:4      | Killed a phantom
   761 | D:4      | Reached skill level 4 in Axes
   761 | D:4      | Reached XP level 5. HP: 47/47 MP: 4/4
   976 | D:4      | Reached skill level 5 in Axes
  1163 | D:4      | Found a stormy altar of Qazlal.
  1327 | D:5      | Entered Level 5 of the Dungeon
  1352 | D:5      | Reached XP level 6. HP: 54/55 MP: 5/5
  1532 | D:5      | Noticed a water moccasin
  1537 | D:5      | Reached skill level 5 in Shields
  1541 | D:5      | Killed a water moccasin
  1542 | D:5      | Reached skill level 5 in Fighting
  1542 | D:5      | Reached skill level 5 in Armour
  1607 | D:5      | Found a hazy altar of Hepliaklqana.
  1634 | D:5      | Noticed Sigmund
  1645 | D:5      | Found a staircase to the Ecumenical Temple.
  1659 | Temple   | Entered the Ecumenical Temple
  1763 | Temple   | Became a worshipper of Warmaster Okawaru
  1811 | D:5      | Killed Sigmund
  1812 | D:5      | Reached skill level 6 in Axes
  1812 | D:5      | Reached XP level 7. HP: 57/61 MP: 6/6
  1883 | D:5      | Reached skill level 7 in Axes
  2078 | D:5      | Reached * piety under Okawaru
  2079 | D:5      | Reached XP level 8. HP: 30/70 MP: 7/7
  2339 | D:5      | Reached skill level 8 in Axes
  2467 | D:5      | Reached skill level 1 in Invocations
  2778 | D:6      | Found a large runed translucent door.
  2779 | D:6      | Found a large runed translucent door.
  2781 | D:6      | Noticed JoadsterXIV's ghost (novice GnFi)
  2819 | D:6      | Noticed Blork the orc
  2829 | D:6      | Killed Blork the orc
  2928 | D:6      | Reached ** piety under Okawaru
  2968 | D:6      | Noticed Maggie
  2968 | D:6      | Paralysed by Maggie for 5 turns
  2979 | D:6      | Paralysed by Maggie for 5 turns
  2989 | D:6      | Paralysed by Maggie for 3 turns
  2996 | D:6      | Killed Maggie
  2997 | D:6      | Reached XP level 9. HP: 52/79 MP: 6/10
  3138 | D:6      | Found Ixzeit's Antique Armour Shop.
  3357 | D:6      | Reached skill level 9 in Axes
  3454 | D:6      | Noticed a cyclops
  3463 | D:6      | Killed a cyclops
  3751 | D:7      | Noticed a troll
  3761 | D:7      | Killed a troll
  3900 | D:7      | Noticed Joseph
  3927 | D:7      | Killed Joseph
  3927 | D:7      | Reached *** piety under Okawaru
  3928 | D:7      | Reached skill level 10 in Axes
  3957 | D:7      | Reached skill level 5 in Invocations
  4381 | D:7      | Noticed Jeremiah
  4393 | D:7      | Killed Jeremiah
  4394 | D:7      | Reached XP level 10. HP: 77/88 MP: 8/13
  5146 | D:8      | Found a flagged portal.
  5147 | D:8      | Noticed Erica
  5152 | D:8      | Noticed Pikel
  5169 | D:8      | Killed Pikel
  5172 | D:8      | Killed Erica
  5173 | D:8      | Reached skill level 11 in Axes
  5383 | Bailey   | Entered a bailey
  5689 | Bailey   | Reached **** piety under Okawaru
  5697 | Bailey   | Found a burning altar of Makhleb.
  5729 | Bailey   | Got Kikubaaqudgha's Precepts of Resurrection
  6330 | D:9      | Noticed a two-headed ogre
  6340 | D:9      | Killed a two-headed ogre
  6348 | D:9      | Reached XP level 11. HP: 32/97 MP: 4/15
  6558 | D:9      | Reached ***** piety under Okawaru
  6770 | D:9      | Noticed Gastronok
  6785 | D:9      | Killed Gastronok
  6786 | D:9      | Reached skill level 12 in Axes
  6895 | D:9      | Found Durchum's Weapon Shop.
  6903 | D:9      | Bought a throwing net for 39 gold pieces
  7103 | D:10     | Entered Level 10 of the Dungeon
  7381 | D:10     | Identified the +4 chain mail "Fatyul" {rPois Dex+2}
  7382 | D:10     | Noticed a two-headed ogre
  7386 | D:10     | Noticed a boulder beetle
  7390 | D:10     | Identified the +8 sling of Righteous Fury {drain, rC++
                  | Stlth+}
  7390 | D:10     | Noticed an orc knight
  7408 | D:10     | Killed a two-headed ogre
  7408 | D:10     | Received a gift from Okawaru
  7412 | D:10     | Killed a boulder beetle
  7418 | D:10     | Killed an orc knight
  7722 | D:10     | Noticed a two-headed ogre
  7727 | D:10     | Killed a two-headed ogre
  7732 | D:10     | Reached skill level 10 in Armour
  7735 | D:10     | Reached skill level 10 in Fighting
  7757 | D:10     | Reached skill level 13 in Axes
  7762 | D:10     | Reached skill level 10 in Shields
  8030 | D:11     | Noticed Maurice
  8031 | D:11     | Noticed a two-headed ogre
  8037 | D:11     | Something stole a ring of wizardry
  8042 | D:11     | Noticed a green ugly thing
  8045 | D:11     | Killed a two-headed ogre
  8051 | D:11     | Killed a green ugly thing
  8051 | D:11     | Received a gift from Okawaru
  8052 | D:11     | Reached XP level 12. HP: 91/106 MP: 11/17
  8056 | D:11     | Killed Maurice
  8138 | D:11     | Noticed a two-headed ogre
  8145 | D:11     | Killed a two-headed ogre
  8252 | D:11     | Found a staircase to the Lair.
  8274 | D:11     | Noticed an ogre mage
  8284 | D:11     | Killed an ogre mage
  8324 | D:11     | Received a gift from Okawaru
  8369 | D:11     | Noticed a fire dragon
  8440 | D:11     | Noticed a boulder beetle
  8447 | D:11     | Killed a boulder beetle
  8479 | D:11     | Noticed a boulder beetle
  8491 | D:11     | Killed a boulder beetle
  8612 | D:11     | Killed from afar by a fire dragon

Illustrated notes

Levels and vault maps discovered:
D:1:      ncdulo_halloftheorcs, layout_loops_ring,
          wander_ebering_terrifying_dragon_lair
D:2:      layout_basic, minmay_pentomino_r2, uniq_crazy_yiuf_cottage
D:3:      layout_loops_corners, minmay_misc_feat_encased, minmay_starry_boxes
D:4:      layout_loops_cross, kennysheep_mini_moat, uniq_robin
D:5:      layout_cave_pools, nicolae_hepliaklqana_hazy_memory,
          minmay_temple_entry_stoned_glass, serial_gnoll_camp,
          gnoll_camp_mini_house, gnoll_camp_medium_02, gnoll_camp_mini_doghouse,
          gnoll_camp_mini_sergeant, abandoned_shop, uniq_sigmund
D:6:      layout_loops_ring, ebering_ghost_disaster_area, serial_shops, shop,
          minmay_three_doors, uniq_blork_the_orc, uniq_maggie
D:7:      layout_basic, nicolae_eternal_life, minmay_misc_feat_diagonals,
          st_stairs_13, serial_bayou_lagoon_a, uniq_joseph, uniq_jeremiah
D:8:      layout_basic, enter_bailey_3, uniq_pikel, uniq_erica
D:9:      layout_roguey, serial_shops, nicolae_shop_getting_attention,
          minmay_liquid_box, uniq_gastronok
D:10:     cheibrodos_barr_body, layout_rooms, minmay_variable_closet,
          minmay_checkerbox
D:11:     layout_irregular_city, lair_entry_dummy, st_stairs_1,
          minmay_misc_feat_nine_boxes, minmay_evil_grid, uniq_maurice,
          uniq_snorg
Temple:   mainiacjoe_temple_cubbyholes

Skill      XL: |  1  2  3  4  5  6  7  8  9 10 11 |
---------------+----------------------------------+-----
Axes           | 3 4 5 6 7 8 10 11 13 | 13.9
Shields        | 4 5 6 7 8 9 10 | 10.5
Armour         | 4 5 6 7 8 9 10 | 10.7
Fighting       | 4 5 6 7 8 9 10 | 10.7
Invocations    | 2 5 7 9 |  9.7

Action                     |  1- 3 |  4- 6 |  7- 9 | 10-12 || total
---------------------------+-------+-------+-------+-------++-------
  Melee: War axe           |    64 |    88 |   215 |   105 ||   472
         Headbutt          |    10 |    12 |    42 |    95 ||   159
         Broad axe         |       |       |       |   297 ||   297
  Throw: Boomerang         |       |       |     2 |       ||     2
 Invoke: Heroism           |       |       |     5 |     5 ||    10
  Evoke: Wand              |       |     2 |    11 |     6 ||    19
    Use: Potion            |       |       |     2 |     4 ||     6
         Scroll            |       |       |       |    14 ||    14
 Armour: Scale mail        |    47 |    89 |   199 |    89 ||   424
         Plate armour      |       |       |       |   154 ||   154
         Chain mail        |       |       |       |   102 ||   102
  Dodge: Dodged            |    33 |    56 |   107 |   109 ||   305
  Block: Buckler           |    16 |    25 |    18 |       ||    59
         Kite shield       |       |       |   103 |   217 ||   320
